CAL
MODESTO NUTS @ STOCKTON PORTS
06/07/2099
 
TOP OF THE 1ST
Modesto Nuts batting - Pitching for Stockton Ports : RHP Troy Whitson
Pitching: RHP Troy Whitson
Batting: RHB Jorge Jacobo 0-0: Ball
1-0: Ball
2-0: Called Strike
2-1: Called Strike
2-2: Foul Ball, location: 2F
2-2: Strikes out swinging
Batting: RHB Danny Morales 0-0: Ball
1-0: Ball
2-0: Ball
3-0: Called Strike
3-1: Base on Balls
Batting: RHB Hector Machuca 0-0: Ball
Wild Pitch!
Danny Morales to second
1-0: Fly out, F9 (Flyball, 9LS, EV 79.4 MPH)
Batting: SHB John Hardy 0-0: Ball
1-0: Ball
2-0: Foul Ball, location: 7LDF
2-1: Ball
3-1: Base on Balls
Batting: LHB Matt Fahey 0-0: Called Strike
0-1: 3-RUN HOME RUN (Flyball, 89XD, EV 109.4 MPH), Distance : 414 ft
Batting: RHB Jason Samples 0-0: Ball
1-0: Foul Ball, location: 23FF
1-1: Foul Ball, location: 3F
1-2: Ball
2-2: Ground out 6-3 (Groundball, 6, EV 86.3 MPH)
Top of the 1st over - 3 runs, 1 hit, 0 errors, 0 left on base; Modesto 3 - Stockton 0
BOTTOM OF THE 1ST
Stockton Ports batting - Pitching for Modesto Nuts : LHP Jim Gayle
Pitching: LHP Jim Gayle
Batting: RHB Bobby Old 0-0: Called Strike
0-1: Called Strike
0-2: Ball
1-2: Foul Ball, location: 23F
1-2: Ground out 4-3 (Groundball, 4, EV 80.0 MPH)
Batting: RHB Hector Ortiz 0-0: DOUBLE (Groundball, 5L, EV 105.0 MPH)
Batting: RHB Chris Martens 0-0: Fly out, F8 (Line Drive, 89M, EV 105.6 MPH)
Batting: RHB Gordie Spencer 0-0: Ball
1-0: TRIPLE (Line Drive, 8RXD, EV 103.1 MPH)
Hector Ortiz scores
Batting: RHB Vince Kallman 0-0: Swinging Strike
0-1: Swinging Strike
0-2: Ground out 3-1 (Groundball, 34, EV 85.6 MPH)
Bottom of the 1st over - 1 run, 2 hits, 0 errors, 1 left on base; Modesto 3 - Stockton 1
TOP OF THE 2ND
Modesto Nuts batting - Pitching for Stockton Ports : RHP Troy Whitson
Batting: RHB Miguel Contreras 0-0: Ball
1-0: Called Strike
1-1: Swinging Strike
1-2: Ball
2-2: Foul Ball, location: 2F
2-2: Foul Ball, location: 9LSF
2-2: Strikes out swinging
Batting: RHB Esteban Galante 0-0: Ball
1-0: Foul Ball, location: 2F
1-1: Ball
2-1: Ball
3-1: Base on Balls
Batting: RHB Archie Brown 0-0: Foul Ball, location: 7LMF
0-1: Ball
1-1: Ball
2-1: Foul Ball, location: 2F
2-2: Ball
3-2: Strikes out swinging
Batting: RHB Jorge Jacobo 0-0: Ball
1-0: Foul Ball, location: 3SF
1-1: Ball
2-1: SINGLE (Line Drive, 78S, EV 103.1 MPH)
Esteban Galante to second
Batting: RHB Danny Morales 0-0: Ball
1-0: Ball
2-0: Foul Ball, location: 2F
2-1: Called Strike
2-2: Foul Ball, location: 5F
2-2: Ball
3-2: Foul Ball, location: 9LDF
3-2: Strikes out looking
Top of the 2nd over - 0 runs, 1 hit, 0 errors, 2 left on base; Modesto 3 - Stockton 1
BOTTOM OF THE 2ND
Stockton Ports batting - Pitching for Modesto Nuts : LHP Jim Gayle
Batting: RHB Marco Ramirez 0-0: Called Strike
0-1: Ground out 6-3 (Groundball, 6S, EV 86.3 MPH)
Batting: LHB Jim Wall 0-0: Ball
1-0: Ground out U3 (Groundball, 3L, EV 104.4 MPH)
Batting: RHB Dave Ottman 0-0: Ball
1-0: Called Strike
1-1: Called Strike
1-2: Ground out 6-3 (Groundball, 6, EV 85.0 MPH)
Bottom of the 2nd over - 0 runs, 0 hits, 0 errors, 0 left on base; Modesto 3 - Stockton 1
TOP OF THE 3RD
Modesto Nuts batting - Pitching for Stockton Ports : RHP Troy Whitson
Batting: RHB Hector Machuca 0-0: DOUBLE (Line Drive, 89D, EV 106.3 MPH)
Batting: SHB John Hardy 0-0: Ball
1-0: Ball
2-0: Called Strike
2-1: Foul Ball, location: 7LMF
2-2: Foul Ball, location: 9LSFF
2-2: Foul Ball, location: 2LF
2-2: Fly out, F8 (Flyball, 8RM, EV 91.3 MPH)
Batting: LHB Matt Fahey 0-0: Called Strike
0-1: Ball
1-1: Ball
2-1: Ball
3-1: Called Strike
3-2: Strikes out swinging
Batting: RHB Jason Samples 0-0: DOUBLE (Flyball, 8LD, EV 107.5 MPH)
Hector Machuca scores
Batting: RHB Miguel Contreras 0-0: Ball
1-0: Ball
2-0: Called Strike
2-1: Fly out, F6 (Popup, 6, EV 69.4 MPH)
Top of the 3rd over - 1 run, 2 hits, 0 errors, 1 left on base; Modesto 4 - Stockton 1
BOTTOM OF THE 3RD
Stockton Ports batting - Pitching for Modesto Nuts : LHP Jim Gayle
Batting: RHB Danny Alarcon 0-0: Called Strike
0-1: Fly out, F8 (Flyball, 78D, EV 76.9 MPH)
Batting: RHB Bobby Old 0-0: Foul Ball, location: 9LMF
0-1: SOLO HOME RUN (Flyball, 7D, EV 95.6 MPH), Distance : 378 ft
Batting: RHB Hector Ortiz 0-0: Called Strike
0-1: Swinging Strike
0-2: Ball
1-2: Ball
2-2: Ball
3-2: Base on Balls
Batting: RHB Chris Martens 0-0: Foul Ball, location: 2RF
0-1: Ball
1-1: Swinging Strike
1-2: Fly out, F4 (Popup, 4S, EV 84.4 MPH)
Batting: RHB Gordie Spencer 0-0: Called Strike
0-1: Foul Ball, location: 5FF
0-2: Strikes out swinging
Bottom of the 3rd over - 1 run, 1 hit, 0 errors, 1 left on base; Modesto 4 - Stockton 2
TOP OF THE 4TH
Modesto Nuts batting - Pitching for Stockton Ports : RHP Troy Whitson
Batting: RHB Esteban Galante 0-0: Foul Ball, location: 2F
0-1: Ball
1-1: Foul Ball, location: 2F
1-2: Ball
2-2: Strikes out looking
Batting: RHB Archie Brown 0-0: Called Strike
0-1: Ball
1-1: Called Strike
1-2: Strikes out swinging
Batting: RHB Jorge Jacobo 0-0: Called Strike
0-1: Called Strike
0-2: Ground out 5-3 (Groundball, 56S, EV 79.4 MPH)
Top of the 4th over - 0 runs, 0 hits, 0 errors, 0 left on base; Modesto 4 - Stockton 2
BOTTOM OF THE 4TH
Stockton Ports batting - Pitching for Modesto Nuts : LHP Jim Gayle
Batting: RHB Vince Kallman 0-0: Ball
1-0: Called Strike
1-1: Foul Ball, location: 7LMFF
1-2: Foul Ball, location: 9LMF
1-2: Foul Ball, location: 2F
1-2: Foul Ball, location: 9LMF
1-2: SINGLE (Line Drive, 34D, EV 95.6 MPH)
Batting: RHB Marco Ramirez 0-0: Ball
1-0: Ball
2-0: Ball
3-0: Called Strike
3-1: Fly out, F9 (Flyball, 9, EV 99.4 MPH)
Batting: LHB Jim Wall 0-0: Grounds into double play, 6-4-3 (Groundball, 6, EV 101.3 MPH)
Bottom of the 4th over - 0 runs, 1 hit, 0 errors, 0 left on base; Modesto 4 - Stockton 2
TOP OF THE 5TH
Modesto Nuts batting - Pitching for Stockton Ports : RHP Troy Whitson
Batting: RHB Danny Morales 0-0: Foul Ball, location: 7LSF
0-1: Foul Ball, location: 2F
0-2: Ball
1-2: Strikes out swinging
Batting: RHB Hector Machuca 0-0: SINGLE (Groundball, 6, EV 99.4 MPH) (infield hit)
Batting: SHB John Hardy 0-0: Ball
1-0: Called Strike
1-1: Ball
2-1: Ball
3-1: Swinging Strike
3-2: Strikes out looking
Hector Machuca is caught stealing 2nd base 2-6
Batter strikes out.
Top of the 5th over - 0 runs, 1 hit, 0 errors, 0 left on base; Modesto 4 - Stockton 2
BOTTOM OF THE 5TH
Stockton Ports batting - Pitching for Modesto Nuts : LHP Jim Gayle
Batting: RHB Dave Ottman 0-0: Called Strike
0-1: Foul Ball, location: 3DF
0-2: Strikes out swinging
Batting: RHB Danny Alarcon 0-0: Called Strike
0-1: Ball
1-1: Ball
2-1: Hit by Pitch
Batting: RHB Bobby Old 0-0: Called Strike
0-1: Fly out, F9 (Flyball, 9LM, EV 93.1 MPH)
Batting: RHB Hector Ortiz 0-0: Ball
1-0: Ball
2-0: Ball
3-0: Base on Balls
Danny Alarcon to second
Batting: RHB Chris Martens 0-0: SINGLE (Groundball, 4MD, EV 96.3 MPH)
Danny Alarcon to third
Hector Ortiz to second
Runner from 3rd tries for Home, SAFE, throw by CF to home
Batting: RHB Gordie Spencer 0-0: Foul Ball, location: 25F
0-1: Foul Ball, location: 9LSF
0-2: SINGLE (Groundball, 6MD, EV 103.8 MPH)
Hector Ortiz to third
Chris Martens to second
Runner from 3rd tries for Home, SAFE, throw by CF to home
Batting: RHB Vince Kallman 0-0: Ball
1-0: Called Strike
1-1: Ball
2-1: Fly out, F9 (Flyball, 9S, EV 92.5 MPH)
Bottom of the 5th over - 2 runs, 2 hits, 0 errors, 2 left on base; Modesto 4 - Stockton 4
TOP OF THE 6TH
Modesto Nuts batting - Pitching for Stockton Ports : RHP Troy Whitson
Pitching: LHP Demetrio Borcellino
Batting: LHB Matt Fahey 0-0: Ball
1-0: Fly out, F8 (Line Drive, 78M, EV 102.5 MPH)
Batting: RHB Jason Samples 0-0: Called Strike
0-1: Fly out, F9 (Flyball, 9D, EV 98.1 MPH)
Batting: RHB Miguel Contreras 0-0: Called Strike
0-1: Ball
1-1: Called Strike
1-2: Ball
2-2: Ball
3-2: Foul Ball, location: 5DF
3-2: Strikes out looking
Top of the 6th over - 0 runs, 0 hits, 0 errors, 0 left on base; Modesto 4 - Stockton 4
BOTTOM OF THE 6TH
Stockton Ports batting - Pitching for Modesto Nuts : LHP Jim Gayle
Batting: RHB Marco Ramirez 0-0: Called Strike
0-1: Called Strike
0-2: DOUBLE (Flyball, 8LXD, EV 94.4 MPH)
Batting: LHB Jim Wall 0-0: SINGLE (Line Drive, 5D, EV 95.6 MPH)
Marco Ramirez to third
Pitching: RHP Kyle Clark
Batting: RHB Dave Ottman 0-0: Ball
1-0: Ball
2-0: Foul Ball, location: 2F
2-1: Ball
3-1: SINGLE (Line Drive, 7LS, EV 98.1 MPH)
Marco Ramirez scores
Jim Wall to second
Batting: RHB Danny Alarcon 0-0: Called Strike
0-1: Ball
1-1: Ball
2-1: Called Strike
2-2: Strikes out swinging
Batting: RHB Bobby Old 0-0: Called Strike
0-1: Ball
1-1: Called Strike
1-2: Hit by Pitch
Jim Wall to third
Dave Ottman to second
Batting: RHB Hector Ortiz 0-0: Called Strike
0-1: Swinging Strike
0-2: Ball
1-2: Strikes out swinging
Batting: RHB Chris Martens 0-0: Called Strike
0-1: Ball
1-1: Fly out, F8 (Flyball, 8LS, EV 85.6 MPH)
Bottom of the 6th over - 1 run, 3 hits, 0 errors, 3 left on base; Modesto 4 - Stockton 5
TOP OF THE 7TH
Modesto Nuts batting - Pitching for Stockton Ports : LHP Demetrio Borcellino
Batting: RHB Esteban Galante 0-0: Called Strike
0-1: Swinging Strike
0-2: Foul Ball, location: 2F
0-2: Ball
1-2: Foul Ball, location: 2F
1-2: Strikes out swinging
Batting: RHB Archie Brown 0-0: Ball
1-0: Fly out, F8 (Flyball, 78M, EV 83.8 MPH)
Batting: RHB Jorge Jacobo 0-0: Fly out, F8 (Line Drive, 89D, EV 89.4 MPH)
Top of the 7th over - 0 runs, 0 hits, 0 errors, 0 left on base; Modesto 4 - Stockton 5
BOTTOM OF THE 7TH
Stockton Ports batting - Pitching for Modesto Nuts : RHP Kyle Clark
Batting: RHB Gordie Spencer 0-0: Fly out, F7 (Flyball, 7D, EV 93.1 MPH)
Batting: RHB Vince Kallman 0-0: Ball
1-0: Ball
2-0: Ball
3-0: Called Strike
3-1: Swinging Strike
3-2: Fly out, F8 (Flyball, 78M, EV 89.4 MPH)
Batting: RHB Marco Ramirez 0-0: Hit by Pitch
Batting: LHB Jim Wall 0-0: Ball
1-0: Called Strike
1-1: Ball
2-1: Foul Ball, location: 2F
2-2: Foul Ball, location: 5SF
2-2: Ball
3-2: Base on Balls
Marco Ramirez to second
Batting: RHB Dave Ottman 0-0: Ball
1-0: Called Strike
1-1: Fly out, F3 (Popup, 3, EV 65.6 MPH)
Bottom of the 7th over - 0 runs, 0 hits, 0 errors, 2 left on base; Modesto 4 - Stockton 5
TOP OF THE 8TH
Modesto Nuts batting - Pitching for Stockton Ports : LHP Demetrio Borcellino
Pitching: RHP A.J. Wayne
Batting: RHB Danny Morales 0-0: Ball
1-0: Ball
2-0: Foul Ball, location: 2F
2-1: Ball
3-1: Fly out, F9 (Line Drive, 9D, EV 103.8 MPH)
Batting: RHB Hector Machuca 0-0: Foul Ball, location: 9LDF
0-1: Called Strike
0-2: Ball
1-2: Ball
2-2: Ball
3-2: Base on Balls
Batting: SHB John Hardy 0-0: Foul Ball, location: 23FF
0-1: Ball
Wild Pitch!
Hector Machuca to second
1-1: Ball
2-1: 2-RUN HOME RUN (Flyball, 9LD, EV 99.4 MPH), Distance : 377 ft
Batting: LHB Matt Fahey 0-0: Ball
1-0: Ball
2-0: Fly out, F8 (Flyball, 8LM, EV 101.3 MPH)
Batting: RHB Jason Samples 0-0: Ball
1-0: Called Strike
1-1: Ball
2-1: Called Strike
2-2: Strikes out swinging
Top of the 8th over - 2 runs, 1 hit, 0 errors, 0 left on base; Modesto 6 - Stockton 5
BOTTOM OF THE 8TH
Stockton Ports batting - Pitching for Modesto Nuts : RHP Kyle Clark
Pitching: RHP Chris Stevens
Batting: RHB Danny Alarcon 0-0: Swinging Strike
0-1: Swinging Strike
0-2: Ball
1-2: Foul Ball, location: 9LSF
1-2: Strikes out swinging
Batting: RHB Bobby Old 0-0: Called Strike
0-1: Swinging Strike
0-2: Ball
1-2: Ball
2-2: Strikes out swinging
Pinch Hitting: LHB Bobby Dollar 0-0: Ball
1-0: Fly out, F8 (Flyball, 8LXD, EV 110.6 MPH)
Bottom of the 8th over - 0 runs, 0 hits, 0 errors, 0 left on base; Modesto 6 - Stockton 5
TOP OF THE 9TH
Modesto Nuts batting - Pitching for Stockton Ports : RHP A.J. Wayne
Pitching: RHP Danny Hudson
Now at SS: Eddie Siegal
Batting: RHB Miguel Contreras 0-0: Ball
1-0: Called Strike
1-1: Foul Ball, location: 3F
1-2: Strikes out looking
Batting: RHB Esteban Galante 0-0: Ball
1-0: Ball
2-0: Called Strike
2-1: Foul Ball, location: 2F
2-2: Ball
3-2: Base on Balls
Batting: RHB Archie Brown 0-0: Ball
1-0: Fly out, F8 (Flyball, 8LD, EV 90.6 MPH)
Batting: RHB Jorge Jacobo 0-0: Ball
1-0: Fly out, F8 (Flyball, 8RS, EV 74.4 MPH)
Top of the 9th over - 0 runs, 0 hits, 0 errors, 1 left on base; Modesto 6 - Stockton 5
BOTTOM OF THE 9TH
Stockton Ports batting - Pitching for Modesto Nuts : RHP Chris Stevens
Pitching: LHP Josh McGregor
Now at 1B: Archie Brown
Now at 2B: Miguel Contreras
Now at 3B: Ryan Williams
Now in LF: Evan Hood
Now in RF: Victor Urena
Batting: RHB Chris Martens 0-0: Ball
1-0: Called Strike
1-1: Ground out 6-3 (Groundball, 56S, EV 73.1 MPH)
Batting: RHB Gordie Spencer 0-0: Swinging Strike
0-1: Foul Ball, location: 2F
0-2: Ball
1-2: Strikes out swinging
Batting: RHB Vince Kallman 0-0: Called Strike
0-1: Called Strike
0-2: Ball
1-2: Ball
2-2: Fly out, F7 (Flyball, 7, EV 94.4 MPH)
Bottom of the 9th over - 0 runs, 0 hits, 0 errors, 0 left on base; Modesto 6 - Stockton 5
Monday, May 6th , 2024 - OOTP Baseball 24.11 Build 85